 Dungeon Crawl Stone Soup version 0.31-a0-640-g39d97e502b (webtiles) character file.

Game seed: 10036367759940573881

5898 Pooter the Cleaver (level 10, -4/136 HPs)
             Began as a Minotaur Berserker on Aug 26, 2023.
             Was an Elder of Trog.
             Slain by an orc warrior
             ... wielding a +0 long sword of holy wrath
              (7 damage)
             ... in a bailey on Aug 27, 2023.
             The game lasted 00:52:04 (8654 turns).

Pooter the Cleaver (Minotaur Berserker)             Turns: 8654, Time: 00:52:05

Health: -4/136     AC: 12    Str: 25    XL:     10   Next: 53%
Magic:  9/9        EV:  9    Int: 18    God:    Trog [****..]
Gold:   256        SH:  0    Dex: 11    Spells: 9/9 levels left

rFire   + . .        a - +2 war axe (drain)
rCold   + . .        (no shield)
rNeg    + . .        m - +1 plate armour
rPois   +            (helmet restricted)
rElec   .            p - scarf of Sif Muna's Approval {rC+ rF+, *Corrode rPois rN+ Int+8}
rCorr   .            w - +0 pair of gloves
SInv    .            r - +1 pair of boots "Vunwimag" {Rampage Int+6}
Will    ++...        (no amulet) Stlth
                     l - ring of flight
HPRegen 1.42/turn    (no ring)
MPRegen 0.11/turn

%: corrode self (3%), rampage
@: berserking, strong-willed, corroded, flying, regenerating, very quick
A: horns 2, retaliatory headbutt
a: Renounce Religion, Berserk, Trog's Hand, Brothers in Arms


You were in a bailey.
You worshipped Trog.
Trog was greatly pleased with you.
You visited 1 branch of the dungeon, and saw 8 of its levels.
You also visited: Bailey.

You collected 451 gold pieces.
You spent 195 gold pieces at shops.

Inventory:

Hand Weapons
 a - a +2 war axe of draining (weapon)
   (You took it off Maggie on level 7 of the Dungeon)
 b - a +3 shortbow
   (You took it off a centaur on level 7 of the Dungeon)
 i - a +3 trident of draining
   (You took it off Jeremiah on level 7 of the Dungeon)
 o - a +3 war axe
   (You took it off an orc warrior in a bailey)
 u - a +0 broad axe
   (You took it off an orc warrior in a bailey)
 x - a +1 whip of flaming
   (You took it off Pikel on level 4 of the Dungeon)
Missiles
 h - 7 boomerangs (quivered)
 v - 12 poisoned darts
 y - a throwing net {!f}
 Q - 112 stones
Armour
 m - a +1 plate armour (worn)
   (You found it on level 2 of the Dungeon)
 p - the scarf of Sif Muna's Approval (worn) {rC+ rF+, *Corrode rPois rN+ Int+8}
   (You acquired it on level 7 of the Dungeon)

   Int+8:     It affects your intelligence (+8).
   rPois:     It protects you from poison rN+: It protects you from negative
   energy.
   *Corrode:  It may corrode you when you take damage.
 r - the +1 pair of boots "Vunwimag" (worn) {Rampage Int+6}
   (You acquired it on level 7 of the Dungeon)

   Int+6:     It affects your intelligence (+6).
   Rampage:   It bestows one free step when moving towards enemies.
 w - a +0 pair of gloves (worn)
   (You found it on level 4 of the Dungeon)
Jewellery
 l - a ring of flight (left hand)
   (You found it on level 2 of the Dungeon)
 A - a ring of fire
   (You found it on level 1 of the Dungeon)
Wands
 f - a wand of flame (24)
   (You found it on level 6 of the Dungeon)
 q - a wand of light (9)
   (You took it off a centaur on level 7 of the Dungeon)
Scrolls
 c - 3 scrolls of noise {!r}
 e - 3 scrolls of fog
 g - 2 scrolls of immolation {!r}
 n - a scroll of enchant armour
 t - 6 scrolls of teleportation {@r4}
 B - a scroll of fear
 E - a scroll of blinking
 G - a scroll of revelation {unknown}
Potions
 d - 5 potions of invisibility {unknown}
 j - 5 potions of curing {@q1}
 k - a potion of haste {@q3}
 s - a potion of ambrosia {unknown}
 z - a potion of mutation {unknown}
 C - a potion of lignification {!q}
 D - a potion of enlightenment {unknown}
 F - 2 potions of heal wounds {@q2}


   Skills:
 + Level 9.0 Fighting
 * Level 12.1 Axes
 * Level 7.6 Ranged Weapons
 - Level 5.4 Armour
 - Level 7.7 Dodging


You had 9 spell levels left.
You didn't know any spells.
Your spell library was empty.

Dungeon Overview and Level Annotations

Branches:
Dungeon (8/15) Zot: 26649  Temple (0/1) D:4          Bailey (1/1) Zot: 5440
   Lair: D:8-11

Altars:
Ashenzari
Kikubaaqudgha
Qazlal
Ru

Shops:
D:6 !

Annotations:
D:7 1 runed translucent door, Crazy Yiuf


Innate Abilities, Weirdness & Mutations

You have a pair of horns on your head.
You reflexively headbutt those who attack you in melee.


Message History

You sense an unholy aura.
a - a +2 war axe of draining (weapon)
The orc warlord is no longer blind.
Your skin crawls.
You feel strong-willed. The orc closely misses you.
A red film seems to cover your vision as you go berserk!
You feel yourself moving faster!
You feel mighty! The orc barely misses you.
You feel a strong urge to attack something.
The orc warlord hits you with a +6 broad axe!!!
You slice the orc warlord!! You drain the orc warlord.
You closely miss the orc. You hit the orc warrior.
You hit the orc warlord but do no damage.
You drain the orc warlord. Your headbutt misses the orc warlord.
You hit the orc.
You kill the orc!
Trog accepts your kill.
You closely miss the orc warrior.
The orc warlord hits you but does no damage.
You slice the orc warlord!! You drain the orc warlord.
You barely miss the orc knight. You closely miss the orc warrior.
The orc warrior hits you with a +0 long sword of holy wrath.
Your corrosive artefact corrodes you!
The orc knight hits you with a +0 war axe!!
The orc warlord hits you with a +6 broad axe!!
* * * LOW HITPOINT WARNING * * *
You hit the orc warlord but do no damage.
You closely miss the orc knight. You hit the orc warrior.
You drain the orc warrior. You slice the orc warlord!!
You drain the orc warlord!
You headbutt the orc warlord, but do no damage.
You hit the orc knight but do no damage.
You barely miss the orc warrior. The orc warrior barely misses you.
The orc knight hits you with a +0 war axe!
* * * LOW HITPOINT WARNING * * *
The orc warlord hits you with a +6 broad axe!!!
* * * LOW HITPOINT WARNING * * *
Unknown command.
Unknown command.
You hit the orc warlord but do no damage.
You hit the orc knight. You drain the orc knight.
You barely miss the orc warrior. You slash the orc warlord!
You drain the orc warlord!
You feel the power of Trog in you as your rage grows.
You kill the orc warlord!
Trog accepts your kill.
You hit the orc knight but do no damage.
You drain the orc knight. You completely miss the orc warrior.
The orc warrior hits you with a +0 long sword of holy wrath!
You die...

##)####...........####'##
##)))..##.........##..[))##
#.......#....)....#.......#
##...[...##....... #...))).#
#....)))..# ..... #.........#
#.........## ...# #.........#
#.....⌠.....###'###.....⌠.....#
##.........##88o88##.........##
#.........#...o@..#.........#
##.......##....)..##.......##
#.......).........+.......#
##.....##.........##
#######.....⌠.....#
##.........## #.........#
##.......## #.......#


You could see an orc knight (strong, drained) and an orc warrior (strong,
drained).

Vanquished Creatures
  An orc warlord (Bailey)
  A two-headed ogre (D:8)
  An orc knight (Bailey)
  Pikel (D:4)
  Jeremiah (D:7)
  Maggie (D:7)
  Menkaure (D:5)
  An acid dragon (D:7)
  A sky beast (D:6)
  10 orc warriors (Bailey)
  3 ice beasts
  An ogre (D:7)
  3 centaurs
  A kobold brigand (D:5)
  A bullfrog (D:7)
  6 scorpions
  5 wights (D:8)
  2 hounds
  5 jellies
  2 gnoll boudas
  An orc priest (D:5)
  6 iguanas
  A sleepcap (D:7)
  Natasha (thrice) (D:3)
  Terence (D:3)
  7 orc wizards
  6 adders
  20 gnolls
  2 shadow imps (D:6)
  2 worms
  2 dart slugs
  49 orcs
  7 bats
  11 endoplasms
  2 giant cockroaches
  28 goblins
  13 hobgoblins
  12 jackals
  10 kobolds
  A quokka (D:3)
  6 ball pythons
  8 frilled lizards
  7 rats
253 creatures vanquished.

Notes
Turn   | Place    | Note
-------+----------+-------------------------------------------
     0 | D:1      | Pooter the Minotaur Berserker began the quest for the Orb.
     0 | D:1      | Reached XP level 1. HP: 19/19 MP: 0/0
    92 | D:1      | Reached XP level 2. HP: 24/27 MP: 1/1
   162 | D:1      | Reached skill level 4 in Axes
   490 | D:1      | Reached ** piety under Trog
   516 | D:1      | Reached XP level 3. HP: 33/33 MP: 2/2
  1165 | D:2      | Reached XP level 4. HP: 40/40 MP: 3/3
  1576 | D:3      | Reached skill level 5 in Axes
  1724 | D:3      | Reached XP level 5. HP: 46/47 MP: 4/4
  1805 | D:3      | Reached *** piety under Trog
  1847 | D:3      | You are sucked into a shaft and drop 3 floors!
  1884 | D:6      | Noticed a sky beast
  1893 | D:6      | Killed a sky beast
  1894 | D:6      | Reached XP level 6. HP: 53/53 MP: 5/5
  2019 | D:5      | Entered Level 5 of the Dungeon
  2204 | D:6      | Reached skill level 6 in Axes
  2231 | D:6      | Noticed an ice beast
  2240 | D:6      | Killed an ice beast
  2241 | D:6      | Reached skill level 5 in Fighting
  2241 | D:6      | Reached skill level 5 in Dodging
  2388 | D:6      | Noticed an ice beast
  2405 | D:6      | Killed an ice beast
  2406 | D:6      | Reached XP level 7. HP: 61/61 MP: 6/6
  3221 | D:4      | Found a staircase to the Ecumenical Temple.
  3244 | D:4      | Reached skill level 7 in Axes
  3296 | D:4      | Noticed Pikel
  3302 | D:4      | Killed Pikel
  3303 | D:4      | Reached XP level 8. HP: 70/70 MP: 7/7
  3313 | D:3      | Reached skill level 8 in Axes
  3482 | D:3      | Noticed Natasha
  3485 | D:3      | Killed Natasha
  3518 | D:3      | Noticed Natasha
  3530 | D:3      | Killed Natasha
  3531 | D:3      | Reached skill level 5 in Armour
  3603 | D:3      | Noticed Terence
  3611 | D:3      | Killed Terence
  3975 | D:3      | Noticed Natasha
  3980 | D:3      | Killed Natasha
  4652 | D:5      | Found a sacrificial altar of Ru.
  4766 | D:5      | Noticed Menkaure
  4976 | D:5      | Found a broken altar of Ashenzari.
  5051 | D:5      | Killed Menkaure
  5052 | D:5      | Reached skill level 9 in Axes
  5052 | D:5      | Reached skill level 1 in Ranged Weapons
  5136 | D:5      | Reached XP level 9. HP: 71/78 MP: 8/8
  5389 | D:6      | Found Sozyow's Distillery.
  5402 | D:6      | Bought a potion of might for 60 gold pieces
  5402 | D:6      | Bought a potion of heal wounds for 75 gold pieces
  5402 | D:6      | Bought a potion of degeneration for 15 gold pieces
  5402 | D:6      | Bought a potion of lignification for 45 gold pieces
  5655 | D:6      | Found a stormy altar of Qazlal.
  5660 | D:6      | Reached **** piety under Trog
  6696 | D:7      | Upgraded the game from 0.31-a0-632-g766dd24fdf to
                  | 0.31-a0-636-ge1c0e020e0
  6703 | D:7      | Noticed Maggie
  6715 | D:7      | Killed Maggie
  6730 | D:7      | Reached skill level 10 in Axes
  6767 | D:7      | Identified 2 scrolls of acquirement
  6767 | D:7      | Acquired the +1 pair of boots "Vunwimag" {Rampage Int+6}
  6779 | D:7      | Acquired the scarf of Sif Muna's Approval {rC+ rF+,
                  | *Corrode rPois rN+ Int+8}
  7012 | D:7      | Found an ancient bone altar of Kikubaaqudgha.
  7094 | D:7      | Noticed Jeremiah
  7125 | D:7      | Killed Jeremiah
  7126 | D:7      | Reached skill level 5 in Ranged Weapons
  7706 | D:7      | Found a runed translucent door.
  7707 | D:7      | Noticed Crazy Yiuf
  7804 | D:8      | Upgraded the game from 0.31-a0-636-ge1c0e020e0 to
                  | 0.31-a0-640-g39d97e502b
  7959 | D:8      | Noticed a two-headed ogre
  7968 | D:8      | Killed a two-headed ogre
  7969 | D:8      | Reached skill level 11 in Axes
  7969 | D:8      | Reached XP level 10. HP: 47/88 MP: 9/9
  8100 | D:8      | Found a flagged portal.
  8106 | Bailey   | Entered a bailey
  8446 | Bailey   | Noticed an orc knight
  8461 | Bailey   | Killed an orc knight
  8462 | Bailey   | Reached skill level 12 in Axes
  8637 | Bailey   | Noticed an orc warlord
  8638 | Bailey   | Noticed an orc knight
  8652 | Bailey   | HP: 2/136 [orc warlord/+6 broad axe (39)]
  8654 | Bailey   | Killed an orc warlord
  8654 | Bailey   | Slain by an orc warrior

Illustrated notes

Levels and vault maps discovered:
D:1:      spicycebolla_green_bress_n_ham, layout_basic, minmay_tiny_reverse_x
D:2:      layout_basic
D:3:      layout_loops_ring, uniq_terence, uniq_natasha
D:4:      layout_rooms, minmay_temple_entry_junction_2, uniq_pikel
D:5:      layout_rooms, kennysheep_mini_moat, mainiacjoe_overflow_24_doors,
          chequers_serial_rivers_micro_a, uniq_menkaure
D:6:      layout_basic, lemuel_round_altar, serial_shops,
          nicolae_shop_competitors_out_of_business, dk_noncrumbling_3,
          abandoned_shop, amcnicky_mini_corridor_feature
D:7:      layout_loops_corners, mainiacjoe_overflow_brackets,
          chequers_serial_rivers_large_a, uniq_crazy_yiuf_cottage, uniq_maggie,
          uniq_jeremiah
D:8:      layout_basic, nicolae_uskayaw_dance_hall, enter_bailey_1
Bailey:   bailey_axe_minmay_hex_keep, bailey

Skill      XL: |  1  2  3  4  5  6  7  8  9 10 |
---------------+-------------------------------+-----
Axes           | 4 5 6 7 9 11 12 | 12.1
Fighting       | 4 5 6 8 9 |  9.0
Dodging        | 3 4 5 6 7 |  7.7
Armour         | 3 4 5 |  5.4
Ranged Weapons | 1 6 7 |  7.6

Action                     |  1- 3 |  4- 6 |  7- 9 | 10-12 || total
---------------------------+-------+-------+-------+-------++-------
  Melee: Hand axe          |    79 |    97 |   181 |       ||   357
         Headbutt          |    13 |    15 |    44 |    18 ||    90
         Punch             |     1 |     2 |     5 |     1 ||     9
         War axe           |       |       |    71 |    96 ||   167
   Fire: Shortbow          |       |       |    56 |    11 ||    67
  Throw: Boomerang         |       |    22 |    16 |     1 ||    39
         Dart              |       |       |     2 |       ||     2
 Invoke: Berserk           |       |     5 |    11 |     3 ||    19
         Trog's Hand       |       |     2 |     9 |     6 ||    17
  Evoke: Wand              |       |       |     1 |     1 ||     2
    Use: Scroll            |     1 |     6 |    11 |     1 ||    19
         Potion            |       |       |       |     2 ||     2
 Armour: Animal skin       |     6 |       |       |       ||     6
         Chain mail        |    26 |       |       |       ||    26
         Plate armour      |    11 |    50 |   155 |    35 ||   251
  Dodge: Dodged            |    29 |    21 |   117 |    35 ||   202

Table legend: (Time is in decaauts)
 A = Elapsed time spent in this place.
 B = Non-inter-level travel time spent in this place.
 C = Inter-level travel time spent in this place.
 D = Time resting spent in this place.
 E = Time spent auto-exploring this place.
 F = Levels seen in this place.
 G = Mean time per level.
                   A        B        C        D        E       F      G
               +--------+--------+--------+--------+--------+-----+--------+
         Total |   8841 |   8512 |    329 |   2579 |   3722 |   9 |  982.3 |
       Dungeon |   8281 |   7952 |    329 |   2274 |   3717 |   8 | 1035.1 |
        Bailey |    559 |    559 |      0 |    305 |      5 |   1 |  559.0 |
               +--------+--------+--------+--------+--------+-----+--------+

Top non-repeatable levels by time:
     D:6: 1865 daAuts
     D:5: 1570 daAuts
     D:7: 1150 daAuts
     D:3: 1023 daAuts
     D:1: 871 daAuts
     D:4: 756 daAuts
     D:2: 692 daAuts
  Bailey: 559 daAuts
     D:8: 350 daAuts
